 Dungeon Crawl Stone Soup version 0.24.0-5-g267a8d59f4 (webtiles) character file.

Game seed: 5804990979729513216, levelgen mode: deterministic

55 Esekla the Vexing (level 3, -2/27 HPs)
             Began as a Demonspawn Enchanter on Nov 1, 2019.
             Killed from afar by Natasha (5 damage)
             ... with a magic dart
             ... on level 2 of the Dungeon.
             The game lasted 00:09:38 (2296 turns).

Esekla the Vexing (Demonspawn Enchanter)            Turns: 2296, Time: 00:09:39

Health: -2/27      AC:  5    Str:  8    XL:     3   Next: 67%
Magic:  0/6        EV: 12    Int: 17    God:
Gold:   91         SH:  0    Dex: 13    Spells: 2/6 levels left

rFire    . . .     SeeInvis .   a - +1 dagger
rCold    . . .     Gourm    .   (no shield)
rNeg     + . .     Faith    .   b - +0 robe
rPois    +         Spirit   +   (no helmet)
rElec    .         Reflect  .   (no cloak)
rCorr    .         Harm     .   g - +2 pair of gloves
MR       .....                  (no boots)
Stlth    ++........             (no amulet)
HPRegen  0.09/turn              i - ring of poison resistance
MPRegen  0.10/turn              o - ring of positive energy

@: no status effects
A: hooves 1, magic shield
a: no special abilities


You were on level 2 of the Dungeon.
You were near starving.

You visited 1 branch of the dungeon, and saw 2 of its levels.

You collected 91 gold pieces.

Inventory:

Hand Weapons
 a - a +1 dagger (weapon)
Armour
 b - a +0 robe (worn)
 g - a +2 pair of gloves (worn)
 m - a cursed +0 helmet
Jewellery
 i - a ring of poison resistance (left hand)
 o - a ring of positive energy (right hand)
Scrolls
 e - 2 scrolls of random uselessness {unknown}
 f - 2 scrolls of teleportation {unknown}
 h - a scroll of enchant weapon {unknown}
 p - a scroll of fog {unknown}
 q - a scroll of immolation {unknown}
Potions
 c - a potion of heal wounds {unknown}
 j - a potion of lignification {unknown}
 k - a potion of cancellation {unknown}
 l - a potion of flight {unknown}
 n - a potion of haste {unknown}
Comestibles
 d - a ration


   Skills:
 * Level 1.8 Fighting
 + Level 2.0 Short Blades
 + Level 2.0 Dodging
 - Level 2.6 Stealth
 + Level 2.3 Spellcasting
 * Level 0.4 Conjurations
 - Level 3.0 Hexes


You had 2 spell levels left.
You knew the following spells:

 Your Spells              Type           Power        Failure   Level  Hunger
a - Corona                Hex            ##.....      5%          1    #......
d - Dazzling Spray        Conj/Hex       #.....       28%         3    ###....

Your spell library contained the following spells:

 Spells                   Type           Power        Failure   Level  Hunger
 Ensorcelled Hibernation  Hex/Ice        #.....       16%         2    ###....
 Confuse                  Hex            ##......     16%         3    ###....
 Tukima's Dance           Hex            ##......     16%         3    ###....


Dungeon Overview and Level Annotations

Branches:
Dungeon (2/15)

Altars:

Annotations:
D:2 Natasha


Innate Abilities, Weirdness & Mutations

You have large cloven feet.
When hurt, damage is shared between your health and your magic reserves.


Message History

Natasha misses you.
You hit Natasha. Your kick misses Natasha.
Natasha is severely wounded.
Natasha stares at you and mumbles some strange words.
The magic dart hits you.
You hit Natasha but do no damage. Your kick misses Natasha.
Natasha is severely wounded.
Natasha claws you but does no damage.
You closely miss Natasha.
Natasha is severely wounded.
Natasha claws you!
* * * LOW HITPOINT WARNING * * *
Casting: Dazzling Spray (safe; 28% risk of failure)
Confirm with . or Enter, or press ? or * to list all spells.
Okay, then.
You hit Natasha.
Natasha is almost dead.
Natasha stares at you and mumbles some strange words.
The magic dart hits you.
You die...

############
############..........
....................s
##.#########.).....###
##.####### #.........#
.........# #.........#
##.#.....# #...h@....#
##.#.....# #....##...#
##.#.....# #....##...#
### ##.#.....#
#.(..##...# #<#
##.####### #.#########
#.# ##.# #######.# #.#
##.# #.......# #.#
.#.# #.......# #.#
[#.###.......# #.#####


You could see Natasha.

Vanquished Creatures
  Natasha (D:2)
  A worm (D:2)
  A ball python (D:2)
  2 giant cockroaches
  4 goblins
  3 hobgoblins
  7 kobolds
  2 bats
  6 rats (D:1)
  2 bushes (D:1)
29 creatures vanquished.

Notes
Turn   | Place    | Note
-------+----------+-------------------------------------------
     0 | D:1      | Esekla the Demonspawn Enchanter began the quest for the
                  | Orb.
     0 | D:1      | Reached XP level 1. HP: 13/13 MP: 3/3
   122 | D:1      | Reached skill level 1 in Short Blades
   185 | D:1      | Reached skill level 1 in Fighting
   185 | D:1      | Gained mutation: When hurt, damage is shared between your
                  | health and your magic reserves. [demonic ancestry]
   185 | D:1      | Reached XP level 2. HP: 9/21 MP: 5/5
  1972 | D:2      | Gained mutation: You have large cloven feet. [demonic
                  | ancestry]
  1972 | D:2      | Reached XP level 3. HP: 18/26 MP: 4/6
  1994 | D:2      | Noticed Natasha
  2045 | D:1      | Learned a level 3 spell: Dazzling Spray
  2202 | D:2      | Killed Natasha
  2279 | D:2      | Noticed Natasha
  2296 | D:2      | Killed from afar by Natasha

Levels and vault maps discovered:
D:1:      dpeg_arrival_leaves_temple_mockup, layout_rooms, serial_forest,
          infiniplex_forest_clump_medium, infiniplex_forest_straight_2,
          infiniplex_forest_lined_room_, infiniplex_forest_end_2,
          infiniplex_forest_clump_small, infiniplex_forest_diagonal,
          serial_bayou_pond_c
D:2:      layout_basic, uniq_natasha

Skill      XL: |  1  2  3 |
---------------+----------+-----
Short Blades   | 1 2 |  2.0
Fighting       | 1 |  1.8
Dodging        | 2 |  2.0
Stealth        | |  2.6
Spellcasting   | |  2.3
Conjurations   | |  0.4
Hexes          | |  3.0

Action                   || total
-------------------------++-------
Melee: Dagger            ||   971
       Kick              ||     7
 Cast: Dazzling Spray    ||     2
 Stab: Sleeping          ||     3
  Eat: Chunk             ||     2
       Ration            ||     1
Armor: Robe              ||    20
Dodge: Dodged            ||    74
